 Dungeon Crawl Stone Soup version 0.24-a0-272-g1411513 (webtiles) character file.

Game seed: 13997604539473072349

427 TheOvate the Shooter (level 6, 0/50 HPs)
             Began as a Hill Orc Hunter on Apr 25, 2019.
             Was a Follower of Nemelex Xobeh.
             Slain by a scorpion (6 damage)
             ... on level 4 of the Dungeon.
             The game lasted 00:11:11 (2601 turns).

TheOvate the Shooter (Hill Orc Hunter)              Turns: 2601, Time: 00:11:12

Health: 0/50       AC:  4    Str: 12 (15) XL:     6   Next: 97%
Magic:  6/6        EV: 11    Int:  9 (11) God:    Nemelex Xobeh [*.....]
Gold:   147        SH:  0    Dex: 12 (13) Spells: 5/5 levels left

rFire    . . .     SeeInvis .   a - +1 shortbow
rCold    . . .     Gourm    .   (shield currently unavailable)
rNeg     . . .     Faith    +   h - +0 leather armour (curse)
rPois    .         Spirit   .   (no helmet)
rElec    .         Reflect  .   (no cloak)
rCorr    .         Harm     .   n - +0 pair of gloves
MR       .....                  (no boots)
Stlth    +.........             y - amulet of faith
HPRegen  0.16/turn              (no ring)
MPRegen  0.10/turn              (no ring)

@: lethally poisoned (0 -> -7)
A: no striking features
a: Draw Escape, Draw Destruction, Draw Summoning, Renounce Religion


You were on level 4 of the Dungeon.
You worshipped Nemelex Xobeh.
Nemelex Xobeh was aware of your devotion.
You were hungry.

You visited 1 branch of the dungeon, and saw 4 of its levels.

You collected 147 gold pieces.

Inventory:

Hand Weapons
 a - a +1 shortbow (weapon)
 b - a +0 short sword
 g - a +0 hand axe
 v - a +0 falchion
Missiles
 d - an arrow (quivered)
Armour
 c - a +0 leather armour
 h - a cursed +0 leather armour (worn)
 n - a +0 pair of gloves (worn)
Jewellery
 y - an amulet of faith (around neck)
Wands
 w - a wand of iceblast (11)
Scrolls
 e - a scroll of enchant armour {unknown}
 j - 5 scrolls of identify {unknown}
 k - 3 scrolls of enchant weapon {unknown}
 q - 4 scrolls of teleportation {unknown}
 r - a scroll of amnesia {unknown}
 s - a scroll of noise {unknown}
 t - a scroll of random uselessness {unknown}
Potions
 i - a potion of magic {unknown}
 l - a potion of cancellation
 o - a potion of agility {unknown}
 p - a potion of ambrosia {unknown}
 u - a potion of haste {unknown}
 x - a potion of invisibility
Comestibles
 f - 6 rations


   Skills:
 - Level 2.4 Fighting
 + Level 7.3 Bows
 - Level 0.2 Armour
 - Level 1.5 Dodging
 - Level 0.7 Stealth


You had 5 spell levels left.
You didn't know any spells.
Your spell library was empty.

Dungeon Overview and Level Annotations

Branches:
Dungeon (4/15)
 Temple: D:4-7

Altars:
Ashenzari
Elyvilon
Kikubaaqudgha
Nemelex Xobeh
Trog
Uskayaw
Vehumet


Message History

Your magical effects are unravelling.
You feel magically purged.
Your magical contamination has completely faded away.
You flicker back into view.
* * * LOW HITPOINT WARNING * * *
You feel sick.
Firing (i - inventory)
d - 3 arrows (quivered)
Press: ? - help, Shift-Dir - straight line, f/p - scorpion
Aim: a scorpion (heavily wounded)
You shoot an arrow. The arrow closely misses the scorpion.
The scorpion stings you but does no damage.
Firing (i - inventory)
d - 2 arrows (quivered)
Press: ? - help, Shift-Dir - straight line, f/p - scorpion
Aim: a scorpion (heavily wounded)
You shoot an arrow. The arrow hits the scorpion!
The scorpion is almost dead.
* * * LOW HITPOINT WARNING * * *
You feel sick. The scorpion stings you.
You die...
Your body disappears without a glow.

##....)...........###.†
#..................#.#.
##....#.†............<##
..##.(...#............##.##
......≈≈≈≈≈.(............
#.##
..#.#.≈###≈.........#....
.... ##≈ #≈........##....
....
#≈#+#≈.s.......#.......>.
#≈≈.≈≈..@.(..............
......................##.
......(............. #.
......#............. #.
......#......##..... #.
...%.....###..# .....
.(..>...# #..# ..#..
........ ##... .#.. .......
....


You could see a scorpion.

Vanquished Creatures
  A porcupine (D:2)
  2 scorpions (D:4)
  A howler monkey (D:4)
  A hound (D:4)
  An iguana (D:4)
  2 gnolls (D:3)
  3 adders
  A worm (D:3)
  3 dart slugs
  5 leopard geckos
  5 orcs
  7 bats
  6 giant cockroaches
  4 hobgoblins
  A quokka (D:4)
  2 ball pythons
  6 frilled lizards
  6 goblins
  10 kobolds
  5 rats
72 creatures vanquished.

Vanquished Creatures (collateral kills)
  2 gnolls (D:3)
2 creatures vanquished.

Grand Total: 74 creatures vanquished

Notes
Turn   | Place    | Note
-------+----------+-------------------------------------------
     0 | D:1      | TheOvate the Hill Orc Hunter began the quest for the Orb.
     0 | D:1      | Reached XP level 1. HP: 18/18 MP: 1/1
    15 | D:1      | Reached skill level 4 in Bows
    15 | D:1      | Reached XP level 2. HP: 25/25 MP: 2/2
   202 | D:1      | Found a sparkling altar of Nemelex Xobeh.
   206 | D:1      | Became a worshipper of Nemelex Xobeh the Trickster
   249 | D:1      | Received a gift from Nemelex Xobeh
   287 | D:1      | Reached XP level 3. HP: 30/30 MP: 3/3
   772 | D:2      | Noticed a porcupine
   772 | D:2      | a worm changed into a porcupine
   773 | D:2      | Killed a porcupine
   773 | D:2      | Reached skill level 5 in Bows
   773 | D:2      | Reached XP level 4. HP: 22/37 MP: 4/4
   773 | D:2      | Reached XP level 5. HP: 25/42 MP: 5/5
   980 | D:2      | Reached * piety under Nemelex Xobeh
   980 | D:2      | Received a gift from Nemelex Xobeh
  1027 | D:2      | Found a hide-covered altar of Uskayaw.
  1029 | D:2      | Noticed a +0 dagger
  1029 | D:2      | Noticed a -3 hand axe
  1037 | D:2      | Reached skill level 6 in Bows
  1143 | D:2      | Found an ancient bone altar of Kikubaaqudgha.
  1186 | D:2      | Found a white marble altar of Elyvilon.
  1187 | D:2      | Found a radiant altar of Vehumet.
  1585 | D:3      | Found a bloodstained altar of Trog.
  1999 | D:3      | Received a gift from Nemelex Xobeh
  2020 | D:3      | Reached XP level 6. HP: 50/50 MP: 6/6
  2170 | D:4      | Found a shattered altar of Ashenzari.
  2490 | D:4      | Received a gift from Nemelex Xobeh
  2553 | D:4      | Reached skill level 7 in Bows
  2601 | D:4      | Slain by a scorpion

Levels and vault maps discovered:
D:1:      wander_arrival_desolate, layout_rooms, nemelex_diamond_rough_becter
D:2:      layout_basic, nicolae_overflow_hidden_temple, dancing_weapons_uskayaw,
          gammafunk_temple_overflow_statue
D:3:      layout_loops_cross, bloody_trog
D:4:      layout_cave_pools, cheibrodos_ashenzari_chains, kennysheep_mini_moat,
          minmay_temple_entry_enclosed_plants

Skill      XL: |  1  2  3  4  5  6 |
---------------+-------------------+-----
Bows           | 4 5 6 7 |  7.3
Fighting       | |  2.4
Armour         | |  0.2
Dodging        | |  1.5
Stealth        | |  0.7

Action                   |  1- 3 |  4- 6 || total
-------------------------+-------+-------++-------
Melee: Shortbow          |       |     1 ||     1
 Fire: Shortbow          |    89 |   107 ||   196
 Abil: Draw Destruction  |     2 |     6 ||     8
       Draw Escape       |       |     1 ||     1
       Draw Summoning    |       |     1 ||     1
  Use: Potion            |       |     3 ||     3
  Eat: Ration            |       |     1 ||     1
       Chunk             |       |     1 ||     1
Armor: Leather armour    |     3 |    11 ||    14
Dodge: Dodged            |    14 |    23 ||    37

Table legend:
 A = Non-vault XP
 B = Vault XP
 C = Vault XP percentage of total XP
 D = Non-vault monster count
 E = Vault monster count
 F = Vault count percentage of total count
                 A         B        C        D         E       F
            +---------+---------+-------+---------+---------+-------
      Total |     610 |       0 |   0.0 |      74 |       0 |   0.0
            +---------+---------+-------+---------+---------+-------
        D:1 |      46 |       0 |   0.0 |      24 |       0 |   0.0
        D:2 |     191 |       0 |   0.0 |      22 |       0 |   0.0
        D:3 |     104 |       0 |   0.0 |      22 |       0 |   0.0
        D:4 |     269 |       0 |   0.0 |       6 |       0 |   0.0
            +---------+---------+-------+---------+---------+-------
